 Dungeon Crawl Stone Soup version 0.31-a0-1300-gb6740aa4e6 (webtiles) character file.

Game seed: 4002475222177360631

7678 IdlyInterested the Agnostic (level 10, -2/83 HPs)
             Began as a Demonspawn Fighter on Dec 18, 2023.
             Killed from afar by an orc wizard (3 damage)
             ... with a puff of flame
             ... on level 9 of the Dungeon.
             The game lasted 00:40:15 (9200 turns).

IdlyInterested the Agnostic (Demonspawn Fighter)    Turns: 9200, Time: 00:40:15

Health: -2/83      AC: 17    Str: 18    XL:     10   Next: 99%
Magic:  0/17       EV:  6    Int: 13    God:
Gold:   526        SH: 10    Dex: 21    Spells: 9/9 levels left

rFire   + . .        a - +0 rapier (flame)
rCold   . . .        j - +0 kite shield
rNeg    . . .        f - +2 plate armour {rF+}
rPois   +            D - +0 helmet
rElec   .            (no cloak)
rCorr   .            n - +0 pair of gloves
SInv    .            s - +0 pair of boots
Will    +....        m - amulet of regeneration
Stlth   +            p - ring of poison resistance
HPRegen 1.13/turn    b - +6 ring of dexterity
MPRegen 0.30/turn

%: guardian spirit
@: lethally poisoned (-2 -> -3), enlightened, flying
A: thin skeletal structure 1, powered by pain 3, magic shield, magic
regeneration, clever 1
a: no special abilities


You were on level 9 of the Dungeon.
You visited 2 branches of the dungeon, and saw 10 of its levels.
You also visited: Ossuary.

You collected 526 gold pieces.

Inventory:

Hand Weapons
 a - a +0 rapier of flaming (weapon)
 d - a +1 dagger of draining
 e - a +2 dagger of venom
 I - the +4 spear of Destiny {protect, rElec}
   (You found it on level 5 of the Dungeon)

   rElec:     It insulates you from electricity.
 L - a +0 long sword
 N - a +0 short sword of speed
 W - a +0 demon whip of venom
Missiles
 h - 48 stones (quivered)
 y - 17 poisoned darts
 F - 2 boomerangs
 Q - 4 atropa-tipped darts
 R - a curare-tipped dart
Armour
 c - a +0 buckler
 f - a +2 plate armour of fire resistance (worn)
 j - a +0 kite shield (worn)
 n - a +0 pair of gloves (worn)
 s - a +0 pair of boots (worn)
 D - a +0 helmet (worn)
Jewellery
 b - a +6 ring of dexterity (right hand)
 g - a ring of ice
 m - an amulet of regeneration (around neck)
 p - a ring of poison resistance (left hand)
 C - an amulet of magic regeneration
 E - a ring of fire
 K - an amulet of reflection
 O - a +5 ring of evasion
 Z - a ring of protection from fire
Wands
 t - a wand of acid (4)
 B - a wand of digging (5)
 G - a wand of mindburst (7)
 H - a wand of iceblast (13)
Scrolls
 i - 3 scrolls of torment
 l - 5 scrolls of poison
 o - a scroll of enchant weapon
 q - 2 scrolls of brand weapon
 r - 3 scrolls of vulnerability
 u - 2 scrolls of teleportation
 w - 2 scrolls of fog
 J - a scroll of revelation
 P - 2 scrolls of blinking
 S - a scroll of fear {unknown}
 T - 2 scrolls of amnesia {unknown}
 X - a scroll of enchant armour {unknown}
 Y - 2 scrolls of immolation {unknown}
Potions
 x - 2 potions of mutation
 U - 2 potions of attraction


   Skills:
 - Level 9.0 Fighting
 - Level 1.7 Short Blades
 - Level 4.0 Throwing
 - Level 5.0 Armour
 + Level 4.2 Dodging
 - Level 9.0 Stealth
 - Level 2.6 Shields
 - Level 9.6 Invocations
 - Level 4.0 Evocations


You had 9 spell levels left.
You didn't know any spells.
Your spell library contained the following spells:

 Spells                   Type           Power      Damage    Failure   Level
 Brom's Barrelling Bould  Conj/Erth      0%         2d3       100%        4
 Fireball                 Conj/Fire      0%         3d3       100%        5
 Iskenderun's Battlesphe  Conj           0%         2d6       100%        5
 Conjure Ball Lightning   Conj/Air       0%         3x3d6     100%        6
 Orb of Destruction       Conj           0%         9d5       100%        7


Dungeon Overview and Level Annotations

Branches:
Dungeon (9/15)             Temple (1/1) D:6            Lair (0/5) D:8
Ossuary (visited)
    Orc: D:9-12

Altars:
Ashenzari
Cheibriados
Dithmenos
Gozag
Hepliaklqana
Kikubaaqudgha
Makhleb
Nemelex Xobeh
Okawaru
Qazlal
Ru
Sif Muna
Trog
Uskayaw
Vehumet
Wu Jian
Xom
Yredelemnul

Shops:
D:4 *


Innate Abilities, Weirdness & Mutations

You have a somewhat thin skeletal structure. (Dex +2, Stealth+)
You are powered by pain.
When hurt, damage is shared between your health and your magic reserves.
You regenerate magic rapidly.
Your mind is acute. (Int +4, Str/Dex -1)


Message History

The killer bee stings you but does no damage. x2
The killer bee closely misses you. The killer bee stings you.
* * * LOW HITPOINT WARNING * * *
You barely miss the killer bee.
The killer bee is almost dead.
The killer bee stings you.
* * * LOW HITPOINT WARNING * * *
You block the killer bee's attack.
The killer bee stings you but does no damage.
You block the killer bee's attack. The killer bee stings you.
* * * LOW HITPOINT WARNING * * *
The killer bee stings you but does no damage.
You block the killer bee's attack.
The killer bee stings you but does no damage.
The killer bee barely misses you.
You hit the killer bee. You burn the killer bee.
You kill the killer bee!
The killer bee barely misses you. You block the killer bee's attack. x3
The killer bee barely misses you. The orc wizard barely misses you.
You hit the orc wizard. You burn the orc wizard.
The orc wizard is moderately wounded.
The killer bee stings you!
* * * LOW HITPOINT WARNING * * *
You are poisoned.
The killer bee poisons you!
The killer bee stings you but does no damage.
You block the killer bee's attack.
The killer bee stings you but does no damage.
You block the killer bee's attack.
The orc wizard gestures at you while chanting.
The magic dart hits you but does no damage.
You miss the killer bee.
* * * LOW HITPOINT WARNING * * *
You feel very sick. The killer bee barely misses you.
The killer bee stings you.
* * * LOW HITPOINT WARNING * * *
You block the killer bee's attack. The killer bee barely misses you.
The orc wizard points at you and mumbles some strange words.
The puff of flame hits you. You resist.
You die...

#... #..# #..#
#..# #..#
#..#########..
#.............
#..).yyo......
#..###@##.....
#..#....# ..##
#..#....# #
#..#....#
#..#....#
#..#....#
#..#.$..#
#..#....+....#
#..# #....


You could see 2 killer bees and an orc wizard.

Vanquished Creatures
  Amaemon (D:8)
  An elephant (D:8)
  Joseph (D:8)
  An orange demon (D:8)
  The ghost of wildpjah the Chopper, an amateur MiFi (D:4)
  Sigmund (D:5)
  8 yaks (D:8)
  2 steam dragons
  Menkaure (Ossuary)
  4 water moccasins
  Duvessa (D:5)
  4 orc warriors
  A sky beast (D:8)
  An ice beast (D:7)
  2 black bears
  A centaur (D:8)
  An ogre (D:5)
  2 phantoms (D:5)
  6 kobold brigands
  4 bullfrogs
  A gnoll sergeant (D:9)
  3 scorpions
  Dowan (D:5)
  12 killer bees
  4 howler monkeys
  A jelly (D:7)
  A hound (D:5)
  6 orc priests
  A sleepcap (D:4)
  7 iguanas
  11 orc wizards
  3 mummies (Ossuary)
  A scorpion simulacrum (D:4)
  Robin (D:4)
  3 gnolls (D:9)
  4 adders
  2 hound simulacra (D:4)
  4 white imps
  2 dart slugs
  2 adder simulacra (D:4)
  20 orcs
  6 ball pythons
  14 endoplasms
  5 giant cockroaches
  2 gnoll zombies (Ossuary)
  15 goblins
  14 hobgoblins
  10 jackals
  25 kobolds
  5 quokkas
  5 bats
  2 frilled lizards
  3 gnoll skeletons (Ossuary)
  2 goblin skeletons (Ossuary)
  2 goblin zombies (Ossuary)
  6 hobgoblin skeletons (Ossuary)
  4 hobgoblin zombies (Ossuary)
  6 kobold skeletons (Ossuary)
  4 kobold zombies (Ossuary)
  7 orc skeletons (Ossuary)
  8 orc zombies (Ossuary)
  5 rats
  A rat skeleton (Ossuary)
  5 rat zombies (Ossuary)
290 creatures vanquished.

Vanquished Creatures (others)
  A goblin (D:4)
1 creature vanquished.

Grand Total: 291 creatures vanquished

Notes
Turn   | Place    | Note
-------+----------+-------------------------------------------
     0 | D:1      | IdlyInterested the Demonspawn Fighter began the quest for
                  | the Orb.
     0 | D:1      | Reached XP level 1. HP: 18/18 MP: 1/1
   119 | D:1      | Reached skill level 1 in Dodging
   119 | D:1      | Gained mutation: You sometimes gain a little power by
                  | taking damage. [demonic ancestry]
   119 | D:1      | Reached XP level 2. HP: 23/24 MP: 2/2
   434 | D:1      | Reached XP level 3. HP: 29/29 MP: 3/3
   907 | D:2      | Found a faded altar of an unknown god.
  1619 | D:3      | Gained mutation: You regenerate magic rapidly. [demonic
                  | ancestry]
  1619 | D:3      | Reached XP level 4. HP: 35/35 MP: 4/4
  1682 | D:3      | Reached skill level 1 in Throwing
  2087 | D:3      | Reached skill level 1 in Invocations
  2511 | D:4      | Found Wovawiek's Gadget Gallery.
  2541 | D:4      | Reached skill level 1 in Evocations
  2541 | D:4      | Reached skill level 1 in Stealth
  2541 | D:4      | Gained mutation: When hurt, damage is shared between your
                  | health and your magic reserves. [demonic ancestry]
  2541 | D:4      | Reached XP level 5. HP: 41/41 MP: 7/7
  2693 | D:4      | Gained mutation: You have a somewhat thin skeletal
                  | structure. (Dex +2, Stealth+) [demonic ancestry]
  2693 | D:4      | Reached XP level 6. HP: 47/47 MP: 6/8
  2750 | D:4      | Found a runed translucent gate.
  2761 | D:4      | Found a runed translucent gate.
  2761 | D:4      | Found a runed translucent gate.
  2793 | D:4      | Noticed wildpjah's ghost (amateur MiFi)
  2836 | D:4      | Noticed Robin
  2864 | D:4      | Killed Robin
  3238 | D:4      | Killed wildpjah's ghost
  3239 | D:4      | Gained mutation: You sometimes gain power by taking damage.
                  | [demonic ancestry]
  3239 | D:4      | Reached XP level 7. HP: 52/52 MP: 7/9
  3342 | D:5      | Entered Level 5 of the Dungeon
  3348 | D:5      | Reached skill level 5 in Stealth
  3620 | D:5      | Noticed Duvessa
  3627 | D:5      | Noticed Dowan
  3647 | D:5      | Killed Duvessa
  3664 | D:5      | Killed Dowan
  3706 | D:5      | Reached XP level 8. HP: 58/58 MP: 10/10
  3808 | D:5      | Identified the +4 spear of Destiny {protect, rElec}
  3818 | D:5      | Reached skill level 5 in Fighting
  3826 | D:5      | Found an iron altar of Okawaru.
  3826 | D:5      | Noticed Sigmund
  3833 | D:5      | Killed Sigmund
  4077 | D:5      | Reached skill level 5 in Invocations
  4258 | D:5      | Found an ornate altar of the Wu Jian Council.
  4514 | D:6      | Reached XP level 9. HP: 63/69 MP: 11/13
  5443 | D:6      | Found a staircase to the Ecumenical Temple.
  5452 | Temple   | Entered the Ecumenical Temple
  6060 | D:7      | Found an opulent altar of Gozag.
  6219 | D:7      | Found a shimmering blue altar of Sif Muna.
  6442 | D:7      | Found a snail-covered altar of Cheibriados.
  7146 | D:8      | Gained mutation: You are powered by pain. [demonic
                  | ancestry]
  7146 | D:8      | Reached XP level 10. HP: 68/83 MP: 12/15
  7268 | D:8      | Noticed an elephant
  7310 | D:8      | Killed an elephant
  7317 | D:8      | Found a sand-covered staircase.
  7322 | Ossuary  | Entered an ossuary
  7587 | Ossuary  | Noticed Menkaure
  7597 | Ossuary  | Killed Menkaure
  7944 | D:8      | Noticed Amaemon
  7944 | D:8      | Noticed an orange demon
  7982 | D:8      | Killed Amaemon
  8003 | D:8      | Killed an orange demon
  8214 | D:8      | Noticed Joseph
  8258 | D:8      | Killed Joseph
  8787 | D:8      | Found a staircase to the Lair.
  8921 | D:8      | Gained mutation: Your mind is acute. (Int +4, Str/Dex -1)
                  | [potion of mutation]
  9169 | D:9      | Reached skill level 5 in Armour
  9178 | D:9      | HP: 5/124 [poisoned by a killer bee]
  9179 | D:9      | HP: 2/124 [killer bee (4)]
  9185 | D:9      | HP: 2/83 [killer bee (1)]
  9190 | D:9      | HP: 3/83 [killer bee (1)]
  9199 | D:9      | HP: 3/83 [killer bee (5)]
  9200 | D:9      | HP: 1/83 [killer bee (1)]
  9200 | D:9      | Killed from afar by an orc wizard

Illustrated notes

Levels and vault maps discovered:
D:1:      grunt_arrival_lava_bath, layout_basic
D:2:      layout_basic, nicolae_ecumenical_oubliette, minivault_14
D:3:      layout_basic, kennysheep_minor_cross, minmay_liquid_box
D:4:      layout_loops_ring, gammafunk_ghost_icy, nicolae_shop_gadgets,
          uniq_robin
D:5:      cheibrodos_thug_alley, layout_loops_ring, okawaru_gym_becter,
          nicolae_wu_jian_immortal_techniques, nicolae_elyvilon_temple_path,
          general_overflow_altar, uniq_duvessa, uniq_sigmund
D:6:      layout_basic, lemuel_temple_firewalk_a
D:7:      layout_loops_corners, kennysheep_orc_sif_temple,
          nicolae_gozag_seed_capital, mainiacjoe_overflow_paths
D:8:      layout_loops_corners, grunt_lair_entry_orc_guard_hut, enter_ossuary_5,
          uniq_joseph, uniq_amaemon
D:9:      layout_irregular_city, kennysheep_little_box,
          gammafunk_ghost_wrathful_warriors, serial_shops, shop,
          nicolae_zig_zag_zippers
Temple:   nicolae_temple_bog_church

Skill      XL: |  1  2  3  4  5  6  7  8  9 10 |
---------------+-------------------------------+-----
Armour         | 3 4 5 |  5.0
Dodging        | 1 2 3 4 |  4.2
Throwing       | 1 3 4 |  4.0
Invocations    | 3 6 9 |  9.6
Evocations     | 1 3 4 |  4.0
Stealth        | 1 4 6 9 |  9.0
Fighting       | 6 9 |  9.0
Short Blades   | |  1.7
Shields        | |  2.6

Action                     |  1- 3 |  4- 6 |  7- 9 | 10-12 || total
---------------------------+-------+-------+-------+-------++-------
  Melee: Rapier            |   153 |   275 |   631 |   538 ||  1597
         Unarmed           |       |       |       |    25 ||    25
  Throw: Stone             |       |     1 |     6 |     4 ||    11
         Dart              |       |       |     1 |     2 ||     3
  Evoke: Wand              |       |       |       |     2 ||     2
    Use: Scroll            |     3 |     2 |     4 |     1 ||    10
         Potion            |     1 |       |     3 |    11 ||    15
 Armour: Scale mail        |    86 |    50 |       |       ||   136
         Plate armour      |       |   183 |   549 |   512 ||  1244
         Skin              |       |       |       |    72 ||    72
  Dodge: Dodged            |    55 |    70 |   199 |   267 ||   591
  Block: Buckler           |    23 |       |       |       ||    23
         Kite shield       |    27 |   158 |   419 |   437 ||  1041

Table legend: (Time is in decaauts)
 A = Elapsed time spent in this place.
 B = Non-inter-level travel time spent in this place.
 C = Inter-level travel time spent in this place.
 D = Time resting spent in this place.
 E = Time spent auto-exploring this place.
 F = Levels seen in this place.
 G = Mean time per level.
                   A        B        C        D        E       F      G
               +--------+--------+--------+--------+--------+-----+--------+
         Total |   9622 |   9093 |    529 |    466 |   4961 |  11 |  874.7 |
       Dungeon |   9140 |   8611 |    529 |    347 |   4961 |   9 | 1015.6 |
        Temple |      1 |      1 |      0 |      0 |      0 |   1 |    1.0 |
       Ossuary |    479 |    479 |      0 |    119 |      0 |   1 |  479.0 |
               +--------+--------+--------+--------+--------+-----+--------+

Top non-repeatable levels by time:
     D:6: 1460 daAuts
     D:8: 1418 daAuts
     D:7: 1358 daAuts
     D:5: 1140 daAuts
     D:4: 1043 daAuts
     D:3: 849 daAuts
     D:2: 827 daAuts
     D:1: 731 daAuts
 Ossuary: 479 daAuts
     D:9: 311 daAuts
  Temple: 1 daAuts
